 Dungeon Crawl Stone Soup version 0.31-a0-259-g771a54ca4b (webtiles) character file.

Game seed: 1037739956062037251

1666 qw the Skirmisher (level 9, -6/55 HPs)
             Began as a Gargoyle Hexslinger on July 13, 2023.
             Mangled by a killer bee (7 damage)
             ... on level 5 of the Dungeon.
             The game lasted 00:02:17 (4019 turns).

qw the Skirmisher (Gargoyle Hexslinger)             Turns: 4019, Time: 00:02:18

Health: -6/55      AC: 10    Str: 12    XL:     9   Next: 1%
Magic:  10/10      EV: 12    Int: 14    God:
Gold:   109        SH:  0    Dex: 16    Spells: 9/10 levels left

rFire   + . .        Y - +1 sling (drain)
rCold   . . .        (no shield)
rNeg    + . .        a - +1 robe {rF+}
rPois   inf          (no helmet)
rElec   +            (no cloak)
rCorr   .            f - +0 pair of gloves
SInv    .            (no boots)
Will    .....        (no amulet)
Stlth   +            (no ring)
HPRegen 0.29/turn    (no ring)
MPRegen 0.12/turn

%: no passive effects
@: no status effects
A: sickness immunity, AC +6, negative energy resistance 1, electricity
resistance, torment resistance 1, petrification resistance
a: no special abilities


You were on level 5 of the Dungeon.
You visited 1 branch of the dungeon, and saw 5 of its levels.
You also visited: Sewer.

You collected 297 gold pieces.
You spent 188 gold pieces at shops.


Innate Abilities, Weirdness & Mutations

You are immune to sickness and miasma.
Your stone body is resilient. (AC +6)
You are immune to poison.
You resist negative energy. (rN+)
You are resistant to electric shocks. (rElec)
You are resistant to unholy torment.
You are immune to petrification.


   Skills:
 - Level 6.1 Fighting
 + Level 9.4 Ranged Weapons
 - Level 2.0 Armour
 - Level 2.1 Dodging
 - Level 1.0 Spellcasting
 - Level 2.6 Hexes


You had 9 spell levels left.
You knew the following spells:

 Your Spells              Type           Power      Damage    Failure   Level
a - Slow                  Hex            32%        N/A       9%          1

Your spell library contained the following spells:

 Spells                   Type           Power      Damage    Failure   Level
 Inner Flame              Hex/Fire       4%         N/A       41%         3
 Portal Projectile        Hex/Tloc       8%         N/A       41%         3
 Cause Fear               Hex            4%         N/A       65%         4

Inventory:

Hand Weapons
 Y - a +1 sling of draining (weapon)
Armour
 a - a +1 robe of fire resistance (worn)
 c - a +0 leather armour
 f - a +0 pair of gloves (worn)
 h - a +0 ring mail
Wands
 n - a wand of digging (5)
Scrolls
 b - 2 scrolls of identify
Potions
 d - 2 potions of haste
 e - a potion of resistance {unknown}
 g - a potion of mutation {unknown}
 i - 3 potions of cancellation {unknown}
 j - a potion of magic {unknown}
 k - 5 potions of curing
 o - a potion of might

Dungeon Overview and Level Annotations

Branches:
Dungeon (5/15)              Sewer (visited)
 Temple: D:4-7

Altars:
Gozag
Qazlal
Zin

Shops:
D:1 !*=   D:4 !   D:5 (

Annotations:
D:5 Pikel


Message History

The killer bee is severely wounded.
The killer bee completely misses you.
The killer bee stings you but does no damage. x2
The lemure barely misses you.
Pikel says, "You'll make a fine lemure."
The killer bee stings you but does no damage.
The killer bee closely misses you.
The killer bee stings you but does no damage.
You shoot a sling bullet. The sling bullet hits the killer bee.
You drain the killer bee.
You kill the killer bee!
The killer bee completely misses you. The killer bee stings you.
You have reached level 9!
Your experience leads to an increase in your attributes!
Increase (S)trength, (I)ntelligence, or (D)exterity?
You feel agile. x2
You shoot a sling bullet.
The sling bullet closely misses the lemure.
The killer bee stings you but does no damage. x2
The killer bee closely misses you. The killer bee stings you.
The killer bee completely misses you. The lemure misses you.
You shoot a sling bullet. The sling bullet hits the lemure.
The lemure is lightly wounded.
The killer bee stings you.
The killer bee stings you but does no damage.
The killer bee barely misses you. The killer bee misses you. x2
The killer bee stings you but does no damage.
The lemure hits you but does no damage.
You shoot a sling bullet.
The sling bullet hits the lemure but does no damage.
The lemure is lightly wounded.
The killer bee barely misses you. The killer bee closely misses you.
The killer bee stings you but does no damage.
The killer bee barely misses you. The killer bee stings you.
The killer bee barely misses you. The lemure closely misses you.
You shoot a sling bullet. The sling bullet hits the lemure!
The lemure is moderately wounded.
The killer bee completely misses you. The killer bee misses you.
The killer bee barely misses you. x2; The killer bee stings you! x2
You die...

...........#
#.#.##..#.....#........
#......##.###.........
###.##.##...#........
###.##.####.#.......
#...##.####........
.....#....#....555
).....(##.#...5#y##########
..\....##.#...Ky@5........#
.......##.#....y..........#
...%.#.##)#...............#
#...##.##...#'#...........#
.......####.#.##'##########
.......# #.#.##.## .......#
#.#.##..# ##### ########
###.###)## #...#
......#######......#
#.#.#####


You could see Pikel, 4 lemures, 3 killer bees and an ufetubus.

Vanquished Creatures
  Prince Ribbit (D:5)
  A water moccasin (D:5)
  An ice beast (D:5)
  4 ogres
  A phantom (D:5)
  A gnoll sergeant (D:5)
  A scorpion (D:5)
  3 killer bees (D:5)
  An orc priest (D:3)
  2 hounds (D:4)
  4 jellies
  A sleepcap (D:4)
  Jessica (D:3)
  3 iguanas (D:5)
  Ijyb (D:4)
  10 adders
  5 gnolls
  An ufetubus (D:4)
  A worm (D:3)
  3 dart slugs
  8 orcs
  11 ball pythons
  6 endoplasms
  4 giant cockroaches
  6 goblins
  8 hobgoblins
  4 jackals (D:3)
  9 quokkas
  11 bats
  10 frilled lizards
  8 kobolds
  8 rats
139 creatures vanquished.

Notes
Turn   | Place    | Note
-------+----------+-------------------------------------------
     0 | D:1      | qw the Gargoyle Hexslinger began the quest for the Orb.
     0 | D:1      | Reached XP level 1. HP: 12/12 MP: 2/2
     0 | D:1      | 0 ||| qw: Version: 0.3-a-52-g30416fa
     0 | D:1      | 0 ||| qw: Game counter: 6934
     0 | D:1      | 0 ||| qw: Melee chars always use a shield: true
     0 | D:1      | 0 ||| qw: God list: Okawaru
     0 | D:1      | 0 ||| qw: Allow faded altars: false
     0 | D:1      | 0 ||| qw: Do Orc after clearing Dungeon:15 true
     0 | D:1      | 0 ||| qw: Do second Lair branch before Depths: true
     0 | D:1      | 0 ||| qw: Lair rune preference: random
     0 | D:1      | 0 ||| qw: Goals: Normal
     0 | D:1      | 0 ||| PLANNING D:1-11
    12 | D:1      | HP: 2/12 [gnoll/+0 whip (7)]
    14 | D:1      | Reached XP level 2. HP: 3/16 MP: 3/3
    15 | D:1      | 15 ||| FLEEEEING.
    16 | D:1      | 16 ||| FLEEEEING.
    17 | D:1      | 17 ||| FLEEEEING.
    18 | D:1      | 18 ||| FLEEEEING.
    19 | D:1      | 19 ||| FLEEEEING.
    20 | D:1      | 20 ||| FLEEEEING.
   180 | D:1      | Reached skill level 3 in Ranged Weapons
   242 | D:1      | 242 ||| SWAPPING to +0 sling of flaming.
   243 | D:1      | 243 ||| DROPPING +1 sling.
   385 | D:1      | Reached XP level 3. HP: 19/21 MP: 4/4
   437 | D:1      | Found Maigofac's Jewellery Emporium.
   446 | D:1      | 446 ||| SHOPLISTING +5 ring of evasion (432 gold, have 65).
   446 | D:1      | 446 ||| SHOPLISTING +6 ring of dexterity (432 gold, have
                  | 65).
   446 | D:1      | 446 ||| SHOPLISTING amulet of faith (480 gold, have 65).
   446 | D:1      | 446 ||| SHOPLISTING amulet of regeneration (360 gold, have
                  | 65).
   446 | D:1      | 446 ||| SHOPLISTING ring of fire (300 gold, have 65).
   446 | D:1      | 446 ||| SHOPLISTING ring of protection from cold (300 gold,
                  | have 65).
   498 | D:1      | Found Tuwara's Assorted Antiques.
   506 | D:1      | 506 ||| BUYING metallic cyan potion (21 gold).
   506 | D:1      | Bought a metallic cyan potion for 21 gold pieces
   506 | D:1      | 506 ||| SHOPLISTING ring mail (96 gold, have 44).
   506 | D:1      | 506 ||| BUYING scroll labelled FAENAS MIOT (24 gold).
   506 | D:1      | Bought a scroll labelled FAENAS MIOT for 24 gold pieces
   506 | D:1      | 506 ||| SHOPLISTING scroll labelled FAZAEQEIQOT (24 gold,
                  | have 20).
   506 | D:1      | 506 ||| SHOPLISTING scroll labelled FENLI FY YRUE (24 gold,
                  | have 20).
   506 | D:1      | 506 ||| SHOPLISTING scroll labelled MOKEIL UTEOC (24 gold,
                  | have 20).
   506 | D:1      | Found Lunugux's Distillery.
   568 | D:1      | 568 ||| SHOPLISTING 2 potions of heal wounds (110 gold,
                  | have 33).
   568 | D:1      | 568 ||| BUYING potion of curing (33 gold).
   568 | D:1      | Bought a potion of curing for 33 gold pieces
   568 | D:1      | 568 ||| SHOPLISTING potion of curing (33 gold, have 0).
   568 | D:1      | 568 ||| SHOPLISTING potion of heal wounds (55 gold, have
                  | 0).
   806 | D:1      | 806 ||| UPGRADING to +1 robe of fire resistance.
   816 | D:1      | 816 ||| DROPPING +0 robe.
   817 | D:1      | 817 ||| READING scroll labelled UXEIDE PUPULL.
   818 | D:1      | 818 ||| READING scroll labelled VOKUIH WEYRGH.
   819 | D:1      | 819 ||| READING 2 scrolls labelled BEOMAU XOIGUFE.
   820 | D:1      | 820 ||| READING scroll labelled FAENAS MIOT.
   821 | D:1      | 821 ||| DROPPING scroll of poison.
   822 | D:1      | 822 ||| DROPPING scroll of fog.
   915 | D:2      | Reached XP level 4. HP: 24/26 MP: 5/5
   991 | D:2      | Reached skill level 4 in Ranged Weapons
  1366 | D:2      | 1366 ||| UPGRADING to +0 pair of gloves.
  1371 | D:2      | 1371 ||| READING scroll labelled VASHREFEUWOS.
  1372 | D:2      | 1372 ||| READING scroll labelled GOOCROSINI.
  1373 | D:2      | 1373 ||| READING 2 scrolls labelled UZAIGUE HUAMO.
  1392 | D:2      | 1392 ||| READING 2 scrolls of identify.
  1392 | D:2      | 1392 ||| IDENTIFYING metallic cyan potion
  1393 | D:2      | 1393 ||| DROPPING scroll of torment.
  1394 | D:2      | 1394 ||| DROPPING potion of berserk rage.
  1402 | D:3      | 1402 ||| PLANNING SEWER
  1428 | D:3      | Noticed Jessica
  1429 | D:3      | Killed Jessica
  1430 | D:3      | Reached XP level 5. HP: 30/30 MP: 6/6
  1478 | D:3      | Reached skill level 5 in Ranged Weapons
  1535 | D:3      | Reached skill level 3 in Fighting
  1719 | D:3      | Found a glowing drain.
  1721 | D:3      | 1721 ||| READING 2 scrolls of identify.
  1721 | D:3      | 1721 ||| IDENTIFYING fizzy inky potion
  1740 | Sewer    | Entered a sewer
  1769 | Sewer    | Reached XP level 6. HP: 37/37 MP: 7/7
  1831 | Sewer    | 1831 ||| Stepping ~*~*~tactically~*~*~ (water).
  1840 | Sewer    | 1840 ||| Stepping ~*~*~tactically~*~*~ (water).
  1977 | Sewer    | 1977 ||| Stepping ~*~*~tactically~*~*~ (water).
  1998 | Sewer    | 1998 ||| READING scroll labelled FAFAUT JACK.
  1999 | Sewer    | 1999 ||| DRINKING 2 clear potions.
  2049 | Sewer    | 2049 ||| DROPPING potion of lignification.
  2095 | D:3      | 2095 ||| PLANNING D:1-11
  2121 | D:3      | 2121 ||| Stepping ~*~*~tactically~*~*~ (outnumbered).
  2122 | D:3      | 2122 ||| Stepping ~*~*~tactically~*~*~ (outnumbered).
  2560 | D:4      | 2560 ||| STAIRDANCE
  2567 | D:3      | Reached skill level 6 in Ranged Weapons
  2710 | D:4      | Reached XP level 7. HP: 44/44 MP: 8/8
  3051 | D:4      | Noticed Ijyb
  3065 | D:4      | Killed Ijyb
  3116 | D:4      | Found Ponumoes's Distillery.
  3132 | D:4      | 3132 ||| BUYING potion of curing (33 gold).
  3132 | D:4      | Bought a potion of curing for 33 gold pieces
  3132 | D:4      | 3132 ||| BUYING potion of curing (33 gold).
  3132 | D:4      | Bought a potion of curing for 33 gold pieces
  3132 | D:4      | 3132 ||| SHOPLISTING potion of heal wounds (55 gold, have
                  | 44).
  3132 | D:4      | 3132 ||| BUYING potion of might (44 gold).
  3132 | D:4      | Bought a potion of might for 44 gold pieces
  3132 | D:4      | 3132 ||| SHOPLISTING potion of mutation (88 gold, have 0).
  3260 | D:4      | 3260 ||| READING scroll labelled FENLI FY YRUE.
  3264 | D:4      | 3264 ||| READING scroll labelled FAZAEQEIQOT.
  3265 | D:4      | 3265 ||| DRINKING 2 yellow potions.
  3266 | D:4      | 3266 ||| DROPPING potion of attraction.
  3308 | D:5      | Entered Level 5 of the Dungeon
  3325 | D:5      | Found a stormy altar of Qazlal.
  3327 | D:5      | Found a glowing silver altar of Zin.
  3344 | D:5      | Reached skill level 7 in Ranged Weapons
  3495 | D:5      | Reached skill level 8 in Ranged Weapons
  3495 | D:5      | Reached XP level 8. HP: 37/48 MP: 9/9
  3506 | D:5      | 3506 ||| FLEEEEING.
  3510 | D:5      | 3510 ||| FLEEEEING.
  3511 | D:5      | 3511 ||| FLEEEEING.
  3514 | D:5      | 3514 ||| FLEEEEING.
  3515 | D:5      | 3515 ||| FLEEEEING.
  3516 | D:5      | 3516 ||| FLEEEEING.
  3517 | D:5      | 3517 ||| FLEEEEING.
  3518 | D:5      | 3518 ||| FLEEEEING.
  3601 | D:5      | 3601 ||| FLEEEEING.
  3679 | D:5      | Found Zyploage's Weapon Shop.
  3701 | D:5      | Noticed Prince Ribbit
  3715 | D:5      | Killed Prince Ribbit
  3804 | D:5      | Reached skill level 9 in Ranged Weapons
  3954 | D:5      | Found an opulent altar of Gozag.
  3999 | D:5      | Reached skill level 6 in Fighting
  4001 | D:5      | Noticed Pikel
  4016 | D:5      | Reached XP level 9. HP: 19/55 MP: 10/10
  4017 | D:5      | HP: 9/55 [killer bee (5)]
  4019 | D:5      | HP: 1/55 [killer bee (7)]
  4019 | D:5      | Mangled by a killer bee

Levels and vault maps discovered:
D:1:      wander_arrival_fairy_ring, layout_basic, serial_shops,
          nicolae_shop_just_a_little_nook, shop, shop, minivault_24,
          serial_park_tiny_2, minmay_indecisive_spiral
D:2:      layout_rooms, minmay_splitting_lines, kennysheep_boxes
D:3:      layout_loops_ring, cheibrodos_sewer_entry_drain,
          grunt_decor_one_mirror, uniq_jessica
D:4:      layout_basic, serial_shops, nicolae_shop_advertising_works
          [nicolae_subvault_shop_adworks], uniq_ijyb
D:5:      layout_basic, lemuel_doored_altar,
          mainiacjoe_overflow_large_starburst, lemuel_temple_firewalk_a,
          gammafunk_ghost_necromancy, serial_shops,
          nicolae_shop_bloodbath_and_beyond, roderic_batcave,
          minmay_fractal_squares_diagonal_5, uniq_pikel, uniq_blork_the_orc,
          uniq_prince_ribbit1, uniq_edmund

Skill      XL: |  1  2  3  4  5  6  7  8 |
---------------+-------------------------+-----
Ranged Weapons | 3 4 5 6 8 9 |  9.4
Fighting       | 2 3 4 6 |  6.1
Dodging        | 2 |  2.1
Armour         | 2 |  2.0
Spellcasting   | |  1.0
Hexes          | |  2.6

Action                     |  1- 3 |  4- 6 |  7- 9 || total
---------------------------+-------+-------+-------++-------
   Fire: Sling             |   118 |   233 |   225 ||   576
    Use: Scroll            |     4 |     6 |     2 ||    12
         Potion            |       |     1 |     1 ||     2
 Armour: Robe              |    33 |    38 |    73 ||   144
  Dodge: Dodged            |    40 |    67 |   128 ||   235

Table legend:
 A = Non-vault XP
 B = Vault XP
 C = Vault XP percentage of total XP
 D = Non-vault monster count
 E = Vault monster count
 F = Vault count percentage of total count
                 A         B        C        D         E       F
            +---------+---------+-------+---------+---------+-------
      Total |    1663 |     717 |  30.1 |     113 |      26 |  18.7
            +---------+---------+-------+---------+---------+-------
        D:1 |      47 |       6 |  11.3 |      24 |       4 |  14.3
        D:2 |      88 |       0 |   0.0 |      26 |       0 |   0.0
        D:3 |     325 |      46 |  12.4 |      32 |       5 |  13.5
        D:4 |     294 |      35 |  10.6 |      18 |       1 |   5.3
        D:5 |     909 |     584 |  39.1 |      13 |       7 |  35.0
      Sewer |       0 |      46 | 100.0 |       0 |       9 | 100.0
            +---------+---------+-------+---------+---------+-------
